 Dungeon Crawl Stone Soup version 0.23-a0-54-gae6112e (webtiles) character file.

12273 Gorice the Arsonist (level 11, 0/60 HPs)
             Began as a Deep Elf Fire Elementalist on Aug 7, 2018.
             Was a High Priest of Vehumet.
             Slain by a wight
             ... wielding a +0 spear
              (1 damage)
             ... on level 11 of the Dungeon on Aug 8, 2018.
             The game lasted 01:04:44 (14971 turns).

Gorice the Arsonist (Deep Elf Fire Elementalist)   Turns: 14971, Time: 01:04:45

Health: 0/60       AC:  4    Str:  5    XL:     11   Next: 60%
Magic:  5/28       EV: 14    Int: 24    God:    Vehumet [*****.]
Gold:   637        SH:  0    Dex: 15    Spells: 14/32 levels left

rFire    . . .     SeeInvis .   a - +3 falchion (holy)
rCold    . . .     Gourm    .   (no shield)
rNeg     . . .     Faith    .   u - +0 leather armour {MR+}
rPois    .         Spirit   .   k - +0 helmet
rElec    .         Reflect  .   (no cloak)
rCorr    .         Harm     .   (no gloves)
MR       ++...                  (no boots)
Stlth    ++........             (no amulet)
HPRegen  0.20/turn              w - ring of wizardry
MPRegen  0.21/turn              W - ring of wizardry

@: drained
A: no striking features
a: Renounce Religion


You were on level 11 of the Dungeon.
You worshipped Vehumet.
Vehumet was extremely pleased with you.
You were not hungry.

You visited 2 branches of the dungeon, and saw 12 of its levels.

You collected 659 gold pieces.
You spent 22 gold pieces at shops.

Inventory:

Hand Weapons
 a - a +3 falchion of holy wrath (weapon)
   (You took it off an orc on level 6 of the Dungeon)
 E - a +0 scimitar
 F - a +0 quarterstaff
 H - a +0 vampiric demon blade
   (You found it on level 8 of the Dungeon)
 Q - a +3 dire flail of freezing
   (You took it off a wight on level 11 of the Dungeon)
Missiles
 p - 2 tomahawks of returning
 r - 5 needles of sleeping
 C - 2 curare-tipped needles
 L - 5 tomahawks (quivered)
 Y - 477 stones
 Z - a throwing net
Armour
 f - a +1 robe
 k - a +0 helmet (worn)
 u - a +0 leather armour of magic resistance (worn)
   (You took it off an orc on level 5 of the Dungeon)
 K - a +0 buckler
Jewellery
 w - a ring of wizardry (left hand)
 z - a +4 ring of dexterity
 A - a +3 ring of strength
 W - a ring of wizardry (right hand)
Wands
 n - a wand of iceblast (12)
 v - a wand of enslavement (11)
 B - a wand of scattershot (4)
 M - a wand of acid (20)
 N - a wand of random effects (9)
Scrolls
 b - a scroll of immolation {!r}
 i - 4 scrolls of enchant armour
 q - 5 scrolls of amnesia
 x - 3 scrolls of blinking
 y - 2 scrolls of remove curse
 G - 2 scrolls of teleportation {!r}
 I - a scroll of fog
 J - 3 scrolls of identify
Potions
 d - a potion of cancellation {!q}
 e - 3 potions of mutation {!q}
 g - a potion of invisibility {!q}
 h - 5 potions of might {!q}
 j - a potion of brilliance {!q}
 l - 2 potions of agility {!q}
 m - a potion of resistance {!q}
 o - a potion of haste {!q}
 s - a potion of lignification {!q}
 t - 6 potions of curing
 D - a potion of heal wounds {!q}
Comestibles
 c - 23 rations


   Skills:
 + Level 3.0(2.7) Fighting
 + Level 6.1(5.8) Dodging
 - Level 2.4(2.1) Stealth
 + Level 11.3(11.0) Spellcasting
 - Level 12.0(11.6) Conjurations
 - Level 12.0(11.6) Fire Magic


You had 14 spell levels left.
You knew the following spells:

 Your Spells              Type           Power        Failure   Level  Hunger
a - Flame Tongue          Conj/Fire      #####        1%          1    None
b - Throw Flame           Conj/Fire      ######       1%          2    None
c - Conjure Flame         Conj/Fire      ######..     1%          3    None
d - Sticky Flame          Conj/Fire      ######..     1%          4    None
e - Fireball              Conj/Fire      ######....   1%          5    ####...
s - Stone Arrow           Conj/Erth      #####.       1%          3    None

Your spell library contained the following spells:

 Spells                   Type           Power        Failure   Level  Hunger
 Passwall                 Tmut/Erth      ##......     3%          2    None
 Lee's Rapid Deconstruct  Erth           ##........   22%         5    ####...
 Sandblast                Erth           ##....       1%          1    None
 Petrify                  Tmut/Erth      ##......     21%         4    None
 Inner Flame              Hex/Fire       #####...     1%          3    None


Dungeon Overview and Level Annotations

Branches:
Dungeon (11/15)            Temple (1/1) D:5
   Lair: D:8-11         Orc: D:9-12

Altars:
Ashenzari
Cheibriados
Dithmenos
Elyvilon
Fedhas
Gozag
Hepliaklqana
Kikubaaqudgha
Makhleb
Nemelex Xobeh
Okawaru
Qazlal
Ru
Sif Muna
Trog
Uskayaw
Vehumet
Wu Jian
Xom
Yredelemnul
Zin
The Shining One

Shops:
D:6 ?   D:10 *:

Annotations:
D:10 2 runed doors


Message History

The stone arrow hits the two-headed ogre.
The two-headed ogre is severely wounded.
Casting: Stone Arrow (safe; 1% risk of failure)
Confirm with . or Enter, or press ? or * to list all spells.
Aiming: Stone Arrow (safe; 1% risk of failure)
Press: ? - help, Shift-Dir - straight line, f/p - two-headed ogre
Aim: a two-headed ogre, wielding a dire flail and a giant club (severely wounded)
The stone arrow misses the two-headed ogre.
Casting: Stone Arrow (safe; 1% risk of failure)
Confirm with . or Enter, or press ? or * to list all spells.
Aiming: Flame Tongue (safe; 1% risk of failure)
Press: ? - help, Shift-Dir - straight line, f/p - two-headed ogre
Aim: a two-headed ogre, wielding a dire flail and a giant club (severely wounded)
The flame tongue misses the two-headed ogre.
Casting: Flame Tongue (safe; 1% risk of failure)
Confirm with . or Enter, or press ? or * to list all spells.
Aiming: Flame Tongue (safe; 1% risk of failure)
Press: ? - help, Shift-Dir - straight line, f/p - two-headed ogre
Aim: a two-headed ogre, wielding a dire flail and a giant club (severely wounded)
The flame tongue hits the two-headed ogre.
The two-headed ogre is almost dead.
Evoke which item? (* to show all) (? for menu, Esc to quit)
Aiming: Iceblast
Press: ? - help, Shift-Dir - straight line, p - two-headed ogre The mass of ice explodes!
The iceblast engulfs the two-headed ogre.
You kill the two-headed ogre!
Vehumet accepts your kill.
You feel your power returning.
Your Fighting skill increases to level 3!
Your Dodging skill increases to level 6! 4 wights come into view.
A wight is wielding a dagger of freezing.
Things that are here:
a flail; a leather armour; an orc corpse Unknown command.
Items here: )) [[ † a hand axe; a ring mail; a dagger; a robe; an orc corpse
Casting: Flame Tongue (safe; 1% risk of failure)
Confirm with . or Enter, or press ? or * to list all spells.
Aiming: Conjure Flame (safe; 1% risk of failure)
Press: ? - help, Dir - move target cursor The fire ignites!
The wight barely misses you. The wight completely misses you.
A wight comes into view. It is wielding a trident.
The wight hits you from afar with a spear.
* * * LOW HITPOINT WARNING * * *
You feel drained.
You die...

#z###.# z.[... z....
#.#.z.# #...zz# ##..##z#
#..# #z# #..# ##...# #§#
#..# #††#.# #@# #..#
###.##.###§# #..#
#........<)# #..#
#..........# ####..#
#..........# ###.....#
#..........####.<.....#
#..........'..).#.....##.
#..........######.....##.
#..........# #.....##.#


You could see 5 wights.

Vanquished Creatures
  A hydra (D:8)
  3 two-headed ogres
  2 unseen horrors
  2 kobold demonologists (D:11)
  2 hippogriffs
  5 yaks (D:9)
  2 hungry ghosts
  A steam dragon (D:8)
  A water moccasin (D:5)
  Purgy (D:4)
  3 sky beasts
  2 black bears
  A phantom (D:4)
  5 ice beasts
  5 orc warriors
  7 ogres
  4 centaurs
  4 big kobolds (D:6)
  A crocodile (D:8)
  8 bullfrogs
  2 scorpions
  A wyvern skeleton (D:10)
  22 killer bees
  4 wights (D:11)
  3 howler monkeys
  4 electric eels (D:6)
  2 bullfrog zombies
  2 crimson imps
  5 hounds
  2 jellies
  6 orc priests
  A centaur skeleton (D:5)
  Jessica (D:3)
  13 orc wizards
  Natasha (thrice) (D:2)
  3 iguanas
  8 worker ants
  A killer bee zombie (D:5)
  A hound skeleton (D:6)
  A worker ant zombie (D:11)
  Robin (D:2)
  4 gnolls
  13 adders
  2 oozes
  An adder zombie (D:5)
  3 worms
  3 dart slugs
  4 leopard geckos
  43 orcs
  4 ball pythons (D:1)
  6 giant cockroaches
  18 goblins
  9 hobgoblins
  13 jackals
  5 quokkas
  2 bats (D:1)
  3 frilled lizards
  3 giant cockroach zombies
  52 kobolds
  A leopard gecko skeleton (D:8)
  A quokka zombie (D:9)
  7 rats
343 creatures vanquished.

Vanquished Creatures (others)
  A quokka (D:8)
1 creature vanquished.

Grand Total: 344 creatures vanquished

Notes
Turn   | Place    | Note
-------+----------+-------------------------------------------
     0 | D:1      | Gorice the Deep Elf Fire Elementalist began the quest for the Orb.
     0 | D:1      | Reached XP level 1. HP: 10/10 MP: 6/6
    30 | D:1      | Found a snail-covered altar of Cheibriados.
    45 | D:1      | Reached skill level 2 in Conjurations
   170 | D:1      | Reached XP level 2. HP: 15/15 MP: 6/8
   355 | D:1      | Reached skill level 3 in Conjurations
   502 | D:1      | Reached XP level 3. HP: 18/19 MP: 3/9
  1223 | D:1      | Learned a level 2 spell: Throw Flame
  1227 | D:1      | Learned a level 3 spell: Conjure Flame
  1356 | D:2      | Noticed Natasha
  1490 | D:2      | Killed Natasha
  1490 | D:2      | Reached skill level 4 in Conjurations
  1490 | D:2      | Reached skill level 4 in Fire Magic
  1490 | D:2      | Reached XP level 4. HP: 8/24 MP: 3/10
  1719 | D:2      | Noticed Robin
  1741 | D:2      | Killed Robin
  1819 | D:2      | Noticed Natasha
  1929 | D:2      | Killed Natasha
  1929 | D:2      | Reached XP level 5. HP: 28/28 MP: 4/11
  2228 | D:2      | Noticed Natasha
  2235 | D:2      | HP: 4/28 [Natasha/magic dart (6)]
  2236 | D:2      | Killed Natasha
  2612 | D:2      | You fall through a shaft!
  2897 | D:3      | Reached skill level 5 in Fire Magic
  3009 | D:3      | Reached skill level 5 in Conjurations
  3018 | D:3      | Noticed Jessica
  3020 | D:3      | Killed Jessica
  3020 | D:3      | Reached XP level 6. HP: 16/32 MP: 1/12
  3452 | D:3      | HP: 8/32 [orc priest/short sword (4)]
  3923 | D:4      | Noticed Purgy
  3937 | D:4      | Killed Purgy
  4218 | D:4      | Reached skill level 6 in Fire Magic
  4344 | D:4      | Reached skill level 6 in Conjurations
  4450 | D:4      | Reached XP level 7. HP: 36/36 MP: 1/13
  4949 | D:5      | Entered Level 5 of the Dungeon
  4959 | D:5      | HP: 8/36 [centaur (5)]
  5218 | D:4      | Learned a level 4 spell: Sticky Flame
  5245 | D:5      | Reached skill level 7 in Conjurations
  5245 | D:5      | Reached skill level 7 in Fire Magic
  5659 | D:5      | Reached XP level 8. HP: 41/41 MP: 6/15
  5905 | D:5      | Found a staircase to the Ecumenical Temple.
  5917 | Temple   | Entered the Ecumenical Temple
  6145 | Temple   | Became a worshipper of Vehumet
  6389 | D:6      | Found Faiqudou's Magic Scroll Shoppe.
  6396 | D:6      | Bought a scroll of identify for 22 gold pieces
  6478 | D:6      | Reached skill level 4 in Spellcasting
  6478 | D:6      | Reached skill level 8 in Fire Magic
  6686 | D:6      | Reached skill level 8 in Conjurations
  7047 | D:6      | Reached * piety under Vehumet
  7047 | D:6      | Offered knowledge of Sandblast by Vehumet.
  7133 | D:6      | Learned a level 5 spell: Fireball
  7513 | D:6      | Found a glowing silver altar of Zin.
  7513 | D:6      | Found a blossoming altar of Fedhas.
  7617 | D:6      | Reached skill level 5 in Spellcasting
  7658 | D:6      | Offered knowledge of Sting by Vehumet.
  7660 | D:6      | Reached ** piety under Vehumet
  7863 | D:6      | Reached skill level 9 in Conjurations
  7863 | D:6      | Reached skill level 9 in Fire Magic
  7930 | D:6      | Reached XP level 9. HP: 35/45 MP: 3/19
  8618 | D:6      | Reached skill level 6 in Spellcasting
  8933 | D:7      | Learned a level 3 spell: Stone Arrow
  9043 | D:7      | Reached skill level 10 in Conjurations
  9043 | D:7      | Reached skill level 10 in Fire Magic
  9171 | D:7      | Found a shattered altar of Ashenzari.
  9614 | D:7      | Reached skill level 7 in Spellcasting
 10150 | D:8      | Offered knowledge of Throw Frost by Vehumet.
 10340 | D:8      | HP: 11/45 [steam dragon] (5)]
 10497 | D:8      | Reached XP level 10. HP: 38/50 MP: 18/22
 10815 | D:8      | Found a sparkling altar of Nemelex Xobeh.
 10879 | D:8      | Reached *** piety under Vehumet
 11093 | D:8      | Noticed a four-headed hydra
 11101 | D:8      | Killed a four-headed hydra
 11101 | D:8      | Reached skill level 11 in Conjurations
 11101 | D:8      | Reached skill level 11 in Fire Magic
 11387 | D:9      | Reached skill level 8 in Spellcasting
 12302 | D:9      | Offered knowledge of Mephitic Cloud by Vehumet.
 12312 | D:9      | HP: 14/50 [yak (6)]
 12315 | D:9      | Reached skill level 9 in Spellcasting
 12887 | D:10     | Entered Level 10 of the Dungeon
 12887 | D:10     | Noticed an ice dragon
 12940 | D:10     | Noticed a fire dragon
 12942 | D:10     | Noticed a fire dragon
 12943 | D:10     | Found a runed door.
 12943 | D:10     | Noticed an ice dragon
 12944 | D:10     | Found the +2 shield of Resistance {rF+ rC+ MR+}
 12980 | D:10     | Noticed a two-headed ogre
 13030 | D:10     | Killed a two-headed ogre
 13192 | D:10     | Found Qegux Ysitt's Assorted Antiques.
 13197 | D:10     | Noticed an unseen horror
 13200 | D:10     | Killed an unseen horror
 13200 | D:10     | Reached skill level 12 in Conjurations
 13200 | D:10     | Reached skill level 12 in Fire Magic
 13200 | D:10     | Reached XP level 11. HP: 38/54 MP: 17/26
 13509 | D:10     | Found a runed door.
 13519 | D:10     | Reached skill level 3 in Dodging
 13519 | D:10     | Reached skill level 10 in Spellcasting
 13522 | D:10     | Reached **** piety under Vehumet
 13540 | D:10     | Found Likijyg's Book Shoppe.
 13806 | D:10     | Offered knowledge of Force Lance by Vehumet.
 13926 | D:10     | Upgraded the game from 0.23-a0-49-gd9f7a49 to 0.23-a0-54-gae6112e
 14103 | D:11     | Reached skill level 4 in Dodging
 14260 | D:11     | Reached skill level 1 in Fighting
 14422 | D:11     | Noticed a two-headed ogre
 14665 | D:11     | Killed a two-headed ogre
 14665 | D:11     | Reached skill level 2 in Fighting
 14665 | D:11     | Reached skill level 5 in Dodging
 14807 | D:11     | Reached skill level 11 in Spellcasting
 14932 | D:11     | Noticed a two-headed ogre
 14940 | D:11     | Noticed an unseen horror
 14943 | D:11     | HP: 17/58 [unseen horror (7)]
 14945 | D:11     | Killed an unseen horror
 14948 | D:11     | HP: 10/59 [orc wizard/dagger (1)]
 14949 | D:11     | Reached ***** piety under Vehumet
 14952 | D:11     | Offered knowledge of Venom Bolt by Vehumet.
 14955 | D:11     | HP: 4/59 [orc/flail (8)]
 14962 | D:11     | Killed a two-headed ogre
 14962 | D:11     | Reached skill level 3 in Fighting
 14962 | D:11     | Reached skill level 6 in Dodging
 14971 | D:11     | HP: 1/60 [wight/spear (6)]
 14971 | D:11     | Slain by a wight

Vault maps used:
D:1:      noname_arrival_rooms_in_the_neighbourhood, serial_forest,
          infiniplex_forest_straight_2, infiniplex_forest_clump_cross,
          infiniplex_forest_lined_3, infiniplex_forest_lined_3,
          infiniplex_forest_lined_ring, infiniplex_forest_clump_small,
          infiniplex_forest_lined_3, grunt_decor_arrowhead,
          minmay_misc_feat_tiny, cheibriados_altar_1
D:2:      uniq_robin, uniq_natasha
D:3:      uniq_jessica
D:4:      first_ration, uniq_purgy
D:5:      minmay_temple_entry_statues_pillars
D:6:      minmay_goblin_kobold_castle, gammafunk_temple_overflow_wave,
          serial_shops, shop
D:7:      nicolae_overflow_hidden_temple
D:8:      nemelex_xobeh_ov_fountains_minmay, grunt_ogre_cave
D:9:      minmay_misc_feat_hallway
D:10:     serial_shops, shop, shop, minmay_guarded_unrand_resistance
D:11:     lair_entry_dummy, erik_orc_3, nrook_pool_corridor
Temple:   dpeg_five_rooms_temple

Skill      XL: |  1  2  3  4  5  6  7  8  9 10 11 |
---------------+----------------------------------+-----
Conjurations   | 2 3 4 5 6 7 9 10 12 | 12.0
Fire Magic     | 4 5 6 7 9 10 12 | 12.0
Spellcasting   | 5 7 9 11 | 11.3
Dodging        | 6 |  6.1
Fighting       | 3 |  3.0
Stealth        | |  2.4

Action                   |  1- 3 |  4- 6 |  7- 9 | 10-12 || total
-------------------------+-------+-------+-------+-------++-------
Melee: Unarmed           |       |     8 |       |       ||     8
       Quarterstaff      |       |       |    39 |       ||    39
       Falchion          |       |       |    11 |    49 ||    60
 Cast: Flame Tongue      |    52 |    96 |   157 |   111 ||   416
       Throw Flame       |     5 |    46 |   108 |    76 ||   235
       Conjure Flame     |       |     1 |    12 |    28 ||    41
       Sticky Flame      |       |       |    10 |    27 ||    37
       Fireball          |       |       |       |    16 ||    16
       Stone Arrow       |       |       |       |     3 ||     3
Evoke: Wand              |       |     1 |     3 |     1 ||     5
  Use: Scroll            |     5 |     8 |     7 |     3 ||    23
 Stab: Sleeping          |       |       |     2 |       ||     2
  Eat: Chunk             |     1 |    11 |    18 |    19 ||    49
       Ration            |       |       |     1 |       ||     1
Armor: Robe              |     8 |    10 |     6 |       ||    24
       Leather armour    |       |       |    27 |    19 ||    46
Dodge: Dodged            |    21 |    24 |    79 |    81 ||   205
       Rpst.: Falchion   |       |       |     3 |    29 ||    32

Table legend:
 A = Spawn XP
 B = Non-spawn XP
 C = Spawn XP percentage of total XP
 D = Spawn monster count
 E = Non-spawn monster count
 F = Spawn count percentage of total count
 G = Total turns spent on level
                    A         B        C        D         E        F      G
               +---------+---------+-------+---------+---------+-------+---------
         Total |       0 |   17533 |   0.0 |       0 |     343 |   0.0 | 14971
               +---------+---------+-------+---------+---------+-------+---------
           D:1 |       0 |      54 |   0.0 |       0 |      27 |   0.0 |  1398
           D:2 |       0 |     221 |   0.0 |       0 |      32 |   0.0 |  1358
           D:3 |       0 |     167 |   0.0 |       0 |      21 |   0.0 |  1243
           D:4 |       0 |     528 |   0.0 |       0 |      14 |   0.0 |  1198
           D:5 |       0 |     544 |   0.0 |       0 |      16 |   0.0 |   854
           D:6 |       0 |    2012 |   0.0 |       0 |      84 |   0.0 |  2379
           D:7 |       0 |    1462 |   0.0 |       0 |      19 |   0.0 |  1077
           D:8 |       0 |    2312 |   0.0 |       0 |      26 |   0.0 |  1585
           D:9 |       0 |    1886 |   0.0 |       0 |      21 |   0.0 |  1531
          D:10 |       0 |    3410 |   0.0 |       0 |      39 |   0.0 |  1381
          D:11 |       0 |    4937 |   0.0 |       0 |      44 |   0.0 |   703
               +---------+---------+-------+---------+---------+-------+---------

Table legend:
 A = Turns spent in this place as a percentage of turns spent in the entire game.
 B = Non-inter-level travel turns spent in this place as a percentage of non-inter-level travel turns spent in the entire game.
 C = Inter-level travel turns spent in this place as a percentage of turns spent in this place.
 D = Turns resting spent in this place as a percentage of non-inter-level travel turns spent in this place.
 E = Turns spent auto-exploring this place as a percentage of non-inter-level travel turns spent in this place.
 F = Non-inter-level travel turns spent in this place divided by the number of levels of this place that you've seen.
                   A       B       C       D       E      F
               +-------+-------+-------+-------+-------+----------------------
         Total | 100.0 | 100.0 |   3.2 |  40.0 |  35.1 | 1207.6
       Dungeon |  98.2 |  98.6 |   2.8 |  40.6 |  34.2 | 1299.4
        Temple |   1.8 |   1.4 |  25.0 |   0.0 |  96.5 | 198.0
               +-------+-------+-------+-------+-------+----------------------

Vault maps used:
D:1:      noname_arrival_rooms_in_the_neighbourhood, serial_forest,
          infiniplex_forest_straight_2, infiniplex_forest_clump_cross,
          infiniplex_forest_lined_3, infiniplex_forest_lined_3,
          infiniplex_forest_lined_ring, infiniplex_forest_clump_small,
          infiniplex_forest_lined_3, grunt_decor_arrowhead,
          minmay_misc_feat_tiny, cheibriados_altar_1
D:2:      uniq_robin, uniq_natasha
D:3:      uniq_jessica
D:4:      first_ration, uniq_purgy
D:5:      minmay_temple_entry_statues_pillars
D:6:      minmay_goblin_kobold_castle, gammafunk_temple_overflow_wave,
          serial_shops, shop
D:7:      nicolae_overflow_hidden_temple
D:8:      nemelex_xobeh_ov_fountains_minmay, grunt_ogre_cave
D:9:      minmay_misc_feat_hallway
D:10:     serial_shops, shop, shop, minmay_guarded_unrand_resistance
D:11:     lair_entry_dummy, erik_orc_3, nrook_pool_corridor
Temple:   dpeg_five_rooms_temple
